 Dungeon Crawl Stone Soup version 0.20-a0-463-g5747544 (webtiles) character file.

9145 mopl the Martial Artist (level 11, -5/121 (124) HPs)
             Began as a Barachian Transmuter on Jan 10, 2017.
             Was a High Priest of Cheibriados.
             Slain by a centaur (7 damage)
             ... on level 11 of the Dungeon.
             The game lasted 00:21:40 (13183 turns).

mopl the Martial Artist (Barachian Transmuter)     Turns: 13183, Time: 00:21:41

HP:   -5/121 (124)  AC:  2    Str: 25    XL:     11   Next: 41%
MP:   15/17         EV: 28    Int: 28    God:    Cheibriados [*****.]
Gold: 217           SH:  0    Dex: 28    Spells: 3/18 levels left

rFire  + . .     SeeInvis .       - Unarmed
rCold  . . .     Gourm    .     (armour currently unavailable)
rNeg   . . .     Faith    .     (shield currently unavailable)
rPois  x         Spirit   .     (helmet currently unavailable)
rElec  .         Reflect  .     (cloak currently unavailable)
rCorr  .         Harm     .     (gloves currently unavailable)
MR     +....                    (boots currently unavailable)
Stlth  ..........               (no amulet)
                                H - ring of protection from fire
                                T - ring of protection from magic

@: berserking (expiring), spider-form, very slow
A: swims, (slowness 0), (strong legs 0)
a: End Transformation, Bend Time, Temporal Distortion, Slouch, Step From Time,
Renounce Religion


You were on level 11 of the Dungeon.
You worshipped Cheibriados.
Cheibriados was extremely pleased with you.
You were not hungry.
You were a venomous arachnid creature.
You visited 1 branch of the dungeon, and saw 11 of its levels.

You collected 721 gold pieces.
You spent 504 gold pieces at shops.

Inventory:

Hand Weapons
 f - a +1 spear of flaming
 h - a +2 whip of venom
 S - the cursed +2 mace of Fatigue {protect, rF+ Str+4 Dex+4, unknown}
   (You took it off an orc on level 9 of the Dungeon)

   It protects the one who uses it against injury (+AC on strike).
   It affects your strength (+4).
   It affects your dexterity (+4).
   It protects you from fire.
   It has a curse placed upon it.
Missiles
 a - 266 arrows
 k - 2 javelins (quivered)
 o - a throwing net
 u - 26 poisoned needles
 x - 10 tomahawks
Armour
 A - a +0 pair of gloves (melded)
 L - a +0 hat (melded)
 O - the +2 robe of Izuop {MR- Str+5 Dex+3}
   (You found it on level 7 of the Dungeon)

   It affects your strength (+5).
   It affects your dexterity (+3).
   It affects your resistance to hostile enchantments.
 W - a +0 troll leather armour (melded)
Jewellery
 t - an uncursed ring of positive energy
 H - a ring of protection from fire (right front leg)
 R - an uncursed ring of protection from magic
 T - a ring of protection from magic (left front leg)
 U - an uncursed ring of ice
Wands
 Q - a wand of digging (8/24)
Scrolls
 e - a scroll of fog {unknown}
 g - 9 scrolls of identify
 i - 3 scrolls of blinking {unknown}
 l - 3 scrolls of teleportation
 m - 2 scrolls of magic mapping {unknown}
 q - 4 scrolls of fear
 v - a scroll of recharging {unknown}
 w - 5 scrolls of remove curse
 y - 3 scrolls of enchant armour {unknown}
 E - a scroll of noise {unknown}
 K - 2 scrolls of enchant weapon {unknown}
 M - a scroll of silence {unknown}
Potions
 j - 7 potions of curing
 p - a potion of resistance
 r - a potion of might {unknown}
 s - a potion of haste {unknown}
 z - 2 potions of cancellation {unknown}
 B - a potion of ambrosia
 C - 3 potions of flight
 F - 3 potions of brilliance
 G - a potion of magic
 J - 2 potions of berserk rage {!q}
 N - a potion of agility {unknown}
 P - a potion of heal wounds {unknown}
Books
 c - a book of Changes

   Spells                             Type                      Level
   a - Beastly Appendage              Transmutation                1
   b - Sticks to Snakes               Transmutation                2
   c - Spider Form                    Transmutation/Poison         3
   d - Ice Form                       Ice/Transmutation            4
   e - Blade Hands                    Transmutation                5
 I - a book of Misfortune

   Spells                             Type                      Level
   a - Confusing Touch                Hexes                        1
   b - Confuse                        Hexes                        3
   c - Gell's Gravitas                Hexes/Translocation          3
   d - Petrify                        Transmutation/Earth          4
   e - Metabolic Englaciation         Hexes/Ice                    5
   f - Yara's Violent Unravelling     Hexes/Transmutation          5
Comestibles
 d - 5 bread rations
 n - a meat ration
 D - 3 fruits


   Skills:
 + Level 6.7 Fighting
 + Level 6.6 Dodging
 * Level 10.8 Unarmed Combat
 + Level 4.3 Spellcasting
 + Level 1.8 Hexes
 + Level 7.6 Transmutations
 - Level 4.0 Ice Magic
 - Level 3.0 Poison Magic
 + Level 4.8 Invocations


You had 3 spell levels left.
You knew the following spells:

 Your Spells              Type           Power        Failure   Level  Hunger
a - Beastly Appendage     Tmut           #####.       3%          1    None
b - Spider Form           Tmut/Pois      #####.....   10%         3    ##.....
c - Confusing Touch       Hex            ###...       14%         1    None
d - Ice Form              Ice/Tmut       #####...     24%         4    ####...
k - Petrify               Tmut/Erth      ####....     36%         4    ####...
w - Sticks to Snakes      Tmut           #####...     3%          2    None


Dungeon Overview and Level Annotations

Branches:
Dungeon (11/15)            Temple (0/1) D:5
   Lair: D:8-11         Orc: D:9-12

Altars:
Ashenzari
Cheibriados
Dithmenos
Fedhas
Gozag
Kikubaaqudgha
Okawaru
Qazlal
Ru
Trog
Vehumet
Xom
Yredelemnul
The Shining One

Shops:
D:4 !   D:8 *[*%


Innate Abilities, Weirdness & Mutations

You can swim through water.
((You cover ground slowly.))
((You can hop short distances.))


Message History

You kill the centaur!
Cheibriados thoroughly appreciates the change of pace.
The centaur closely misses you. The centaur hits you!
* * * LOW HITPOINT WARNING * * *
The centaur closely misses you.
You maul the centaur!!
You kill the centaur!
Cheibriados thoroughly appreciates the change of pace.
The centaur closely misses you. The centaur misses you.
You completely miss the centaur. The centaur completely misses you.
The centaur misses you.
You maul the centaur!!
You kill the centaur!
Cheibriados thoroughly appreciates the change of pace.
You hear an angry squeal.
The centaur completely misses you.
You bite the centaur!
The centaur is severely wounded.
The centaur hits you!
You die...

####### .......
....... .......
######c......
#(.((sc.<....
#######((..))......
......(<...........
.....(.............
$...###############
#.. ..


You could see 2 centaurs.

Vanquished Creatures
  3 two-headed ogres
  A gargoyle (D:10)
  Grinder (D:4)
  A troll (D:10)
  A hippogriff (D:7)
  Sigmund (D:5)
  5 yaks (D:7)
  A hungry ghost (D:8)
  Edmund (D:5)
  Menkaure (D:4)
  3 orc warriors
  2 ice beasts
  3 necrophages
  A black bear (D:8)
  3 phantoms
  2 ogres
  10 centaurs
  3 bullfrogs
  3 scorpions
  2 water moccasin skeletons
  4 killer bees (D:8)
  9 wights
  7 howler monkeys
  7 crimson imps
  4 bullfrog zombies
  6 jellies
  A hound (D:8)
  A bullfrog skeleton (D:6)
  8 orc priests
  Jessica (D:2)
  A centaur skeleton (D:5)
  An iguana (D:6)
  11 orc wizards
  11 worker ants
  A hound skeleton (D:8)
  A howler monkey zombie (D:9)
  A worker ant zombie (D:7)
  3 gnolls (D:4)
  5 adders
  5 shadow imps
  An adder zombie (D:4)
  An adder skeleton (D:9)
  3 worms
  4 dart slugs
  10 leopard geckos
  41 orcs
  5 giant cockroaches
  4 goblins
  10 hobgoblins
  13 jackals
  6 quokkas
  6 bats
  10 frilled lizards
  A jackal zombie (D:6)
  11 kobolds
  A quokka zombie (D:8)
  5 rats
268 creatures vanquished.

Notes
Turn   | Place    | Note
-------+----------+-------------------------------------------
     0 | D:1      | mopl the Barachian Transmuter began the quest for the Orb.
     0 | D:1      | Reached XP level 1. HP: 15/15 MP: 3/3
   136 | D:1      | Reached XP level 2. HP: 15/21 MP: 5/5
   222 | D:1      | Learned a level 2 spell: Sticks to Snakes
   641 | D:1      | Reached XP level 3. HP: 26/26 MP: 6/6
   646 | D:1      | Learned a level 3 spell: Spider Form
   912 | D:2      | Found a bloodstained altar of Trog.
   937 | D:2      | Found a radiant altar of Vehumet.
  1068 | D:2      | You fall through a shaft!
  1228 | D:2      | Noticed Jessica
  1236 | D:2      | Killed Jessica
  1236 | D:2      | Reached skill level 4 in Unarmed Combat
  1236 | D:2      | Reached skill level 3 in Transmutations
  1236 | D:2      | Reached skill level 1 in Poison Magic
  1236 | D:2      | Reached XP level 4. HP: 25/32 MP: 3/7
  2310 | D:3      | Reached XP level 5. HP: 30/37 MP: 8/8
  2519 | D:3      | Reached skill level 2 in Poison Magic
  2842 | D:4      | Noticed Grinder
  2855 | D:4      | Paralysed by Grinder for 7 turns
  2967 | D:4      | Paralysed by Grinder for 4 turns
  3183 | D:4      | Noticed Menkaure
  3193 | D:4      | Killed Menkaure
  3193 | D:4      | Reached skill level 5 in Unarmed Combat
  3193 | D:4      | Reached XP level 6. HP: 25/43 MP: 5/9
  3509 | D:4      | HP: 2/43 [poisoned by a worker ant]
  3516 | D:4      | HP: 2/43 [poisoned by a worker ant]
  4017 | D:4      | Reached skill level 3 in Poison Magic
  4023 | D:4      | Reached skill level 4 in Transmutations
  4023 | D:4      | Reached XP level 7. HP: 16/48 MP: 7/10
  4288 | D:4      | Found Siak's Distillery.
  4303 | D:4      | Bought a potion of degeneration for 11 gold pieces
  4303 | D:4      | Bought a potion of curing for 33 gold pieces
  4303 | D:4      | Bought a potion of mutation for 27 gold pieces
  4303 | D:4      | Bought a potion of ambrosia for 88 gold pieces
  4303 | D:4      | Bought a potion of flight for 33 gold pieces
  4323 | D:4      | Killed Grinder
  4323 | D:4      | Reached skill level 6 in Unarmed Combat
  4417 | D:4      | Reached skill level 2 in Fighting
  4616 | D:4      | Found a shattered altar of Ashenzari.
  4841 | D:5      | Entered Level 5 of the Dungeon
  4842 | D:5      | Found a snail-covered altar of Cheibriados.
  4870 | D:5      | Found an opulent altar of Gozag.
  4872 | D:5      | Became a worshipper of Cheibriados the Contemplative
  4891 | D:5      | Reached XP level 8. HP: 35/55 MP: 8/12
  5115 | D:5      | Learned a level 4 spell: Ice Form
  5124 | D:5      | Found a blossoming altar of Fedhas.
  5132 | D:5      | Reached skill level 3 in Dodging
  5337 | D:5      | Found a staircase to the Ecumenical Temple.
  5384 | D:5      | Reached skill level 3 in Spellcasting
  5430 | D:5      | Reached skill level 1 in Ice Magic
  5529 | D:5      | Noticed Edmund
  5542 | D:5      | Killed Edmund
  5542 | D:5      | Reached skill level 3 in Fighting
  5542 | D:5      | Reached skill level 7 in Unarmed Combat
  5636 | D:5      | Noticed Sigmund
  5643 | D:5      | Killed Sigmund
  5643 | D:5      | Reached * piety under Cheibriados
  5643 | D:5      | Reached skill level 5 in Transmutations
  5643 | D:5      | Reached skill level 2 in Ice Magic
  5737 | D:5      | Found a shimmering altar of Xom.
  5901 | D:5      | Reached skill level 4 in Dodging
  5994 | D:4      | Bought a potion of brilliance for 44 gold pieces
  5994 | D:4      | Bought a potion of magic for 88 gold pieces
  6094 | D:6      | Reached XP level 9. HP: 25/63 MP: 9/13
  6398 | D:6      | Learned a level 1 spell: Confusing Touch
  6526 | D:6      | Reached skill level 4 in Fighting
  6538 | D:6      | Reached skill level 8 in Unarmed Combat
  6769 | D:6      | Reached ** piety under Cheibriados
  6774 | D:6      | Reached skill level 3 in Ice Magic
  6985 | D:6      | Found a basalt altar of Yredelemnul.
  7766 | D:7      | Got an opalescent robe
  7777 | D:7      | Identified the +2 robe of Izuop {MR- Str+5 Dex+3} (You found it on level 7 of the Dungeon)
  7868 | D:7      | Reached *** piety under Cheibriados
  7907 | D:7      | HP: 1/65 [yak (10)]
  8003 | D:7      | Reached skill level 6 in Transmutations
  8330 | D:7      | Reached skill level 5 in Dodging
  8916 | D:7      | Learned a level 4 spell: Petrify
  8927 | D:7      | Found an opulent altar of Gozag.
  9122 | D:7      | Reached skill level 4 in Ice Magic
  9130 | D:7      | Reached skill level 4 in Spellcasting
  9130 | D:7      | Reached XP level 10. HP: 38/72 MP: 12/16
  9135 | D:7      | Reached skill level 5 in Fighting
  9135 | D:7      | Reached skill level 9 in Unarmed Combat
  9135 | D:7      | Reached skill level 1 in Invocations
  9907 | D:7      | Reached **** piety under Cheibriados
  9907 | D:7      | Reached skill level 2 in Invocations
 10209 | D:8      | Found Tianoon's General Store.
 10217 | D:8      | Bought a scroll of fear for 52 gold pieces
 10217 | D:8      | Bought a scroll of teleportation for 45 gold pieces
 10217 | D:8      | Bought a potion of curing for 45 gold pieces
 10220 | D:8      | Found Jophuq's Food Shoppe.
 10268 | D:8      | Found Wuud's Antique Armour Shoppe.
 10289 | D:8      | Noticed a two-headed ogre
 10311 | D:8      | Killed a two-headed ogre
 10311 | D:8      | Reached skill level 3 in Invocations
 10734 | D:8      | Found Jempitt's Assorted Antiques.
 10751 | D:8      | Reached skill level 6 in Dodging
 10756 | D:8      | Bought a scroll labeled ZIMUSU FO UKYTH for 19 gold pieces
 10756 | D:8      | Bought a scroll labeled VEVOBU NATOZ for 19 gold pieces
 10765 | D:8      | Found a sacrificial altar of Ru.
 10875 | D:8      | Reached skill level 10 in Unarmed Combat
 10879 | D:8      | Reached skill level 7 in Transmutations
 11267 | D:9      | Reached ***** piety under Cheibriados
 11296 | D:9      | Noticed a two-headed ogre
 11304 | D:9      | Killed a two-headed ogre
 11304 | D:9      | Reached skill level 6 in Fighting
 11304 | D:9      | Reached skill level 4 in Invocations
 11304 | D:9      | Reached XP level 11. HP: 27/79 MP: 17/17
 11535 | D:9      | Noticed a two-headed ogre
 11542 | D:9      | Killed a two-headed ogre
 11685 | D:9      | Found an opulent altar of Gozag.
 11720 | D:9      | Reached skill level 1 in Hexes
 11841 | D:9      | Found a glowing golden altar of the Shining One.
 11861 | D:9      | Found a stormy altar of Qazlal.
 11863 | D:9      | Found an iron altar of Okawaru.
 11868 | D:9      | Found a shadowy altar of Dithmenos.
 11938 | D:9      | Found an ancient bone altar of Kikubaaqudgha.
 11939 | D:9      | Found a shimmering altar of Xom.
 11975 | D:9      | Got a warped mace {protect}
 12325 | D:10     | Entered Level 10 of the Dungeon
 13179 | D:11     | HP: 1/121 [centaur (8)]
 13183 | D:11     | Slain by a centaur

Vault maps used:
D:1:      sevenhm_arrival_forest_fort_small_4, minmay_misc_feat_hallway
D:2:      overflow_temple_1_default, old_standard_altar, hex_large,
          minmay_misc_feat_more_columns, uniq_jessica
D:4:      ashenzari_conservatory_becter, serial_shops, shop_statue,
          kennysheep_small_spiral, hangedman_abyss_or_decor_jellyfish_corner,
          uniq_menkaure, uniq_grinder
D:5:      lemuel_round_altar, grunt_temple_overflow_open, first_bread,
          basic_altar, hangedman_decor_points, sigmund_edmund_badplayer,
          uniq_edmund
D:6:      kennysheep_mini
D:7:      grunt_gozag_breadcrumbs
D:8:      nicolae_ru_path_of_blood, serial_shops, shop,
          nicolae_shop_overgrown_old_shop, shop, shop
D:9:      minitemple, basic_altar
D:11:     dpeg_lair_monsters, grunt_livestock

Skill      XL: |  1  2  3  4  5  6  7  8  9 10 11 |
---------------+----------------------------------+-----
Unarmed Combat | 4 5 6 7 8 10 | 10.8
Transmutations | 3 4 5 6 7 |  7.6
Poison Magic   | 1 2 3 |  3.0
Fighting       | 2 3 4 6 |  6.7
Dodging        | 4 5 6 |  6.6
Spellcasting   | 3 4 |  4.3
Ice Magic      | 2 4 |  4.0
Invocations    | 4 |  4.8
Hexes          | 1 |  1.8

Action                   |  1- 3 |  4- 6 |  7- 9 | 10-12 || total
-------------------------+-------+-------+-------+-------++-------
Melee: Unarmed           |    12 |    53 |   330 |   282 ||   677
       Spear             |   104 |   120 |    99 |       ||   323
       Headbutt          |     1 |       |       |       ||     1
       Punch             |       |     2 |     8 |     8 ||    18
 Cast: Beastly Appendage |     2 |       |       |       ||     2
       Spider Form       |     1 |     8 |    27 |    12 ||    48
       Ice Form          |       |       |     1 |     6 ||     7
 Abil: Evoke Berserk Rag |     1 |       |       |       ||     1
       End Transformatio |       |     1 |     3 |     1 ||     5
       Hop               |       |       |     1 |       ||     1
  Use: Scroll            |       |       |     5 |     1 ||     6
       Potion            |       |       |       |     1 ||     1
 Stab: Sleeping          |     1 |       |     1 |     5 ||     7
  Eat: Chunk             |     3 |     7 |    15 |     8 ||    33
       Bread ration      |       |     1 |       |       ||     1
       Fruit             |       |       |       |     1 ||     1
Armor: Robe              |    15 |    16 |    25 |    16 ||    72
       Skin              |       |     4 |     9 |    17 ||    30
       Troll leather arm |       |       |       |     1 ||     1
Dodge: Dodged            |    71 |   100 |   290 |   255 ||   716
